[Event "*** Titled Tuesday Blitz"]
[Site "Chess.com"]
[Date "2021.04.20"]
[Round "7"]
[White "SilviusTiberius"]
[Black "ShahMatKanal"]
[Result "1-0"]
[WhiteElo "2582"]
[BlackElo "2408"]
[TimeControl "180+1"]
[EndTime "11:17:45 PDT"]
[Termination "SilviusTiberius won by resignation"]

1. e4 c5 2. Nf3 Nc6 3. d4 cxd4 4. Nxd4 e5 5. Nb5 a6 6. Nd6+ Bxd6 7. Qxd6 Qf6 8. Qd1 Qg6 9. Nc3 Nf6 10. Qd6 b5 11. Be3 Ng4 12. Qxg6 hxg6 13. Bc5 f5 14. O-O-O Rxh2 15. Rxh2 Nxh2 16. Be2 Ng4 17. Nd5 Rb8 18. a4 Kf7 19. axb5 axb5 20. Nc7 Nf6 21. f3 Nd4 22.
Bxd4 exd4 23. e5 Ne8 24. Nxb5 Ba6 25. Nd6+ Nxd6 26. Bxa6 Rb6 27. Bf1 Nb5 28. Bc4+ Ke7 29. Rh1 d6 30. Rh7 dxe5 31. Rxg7+ Kf6 32. Rd7 Nd6 33.
Bd3 e4 34. Be2 Ke6 35. Rd8 Ke7 36. Rg8 Kf7 37. Ra8 Rc6 38. Kd2 Kf6 39. Ra4 d3 40.
cxd3 exd3 41. Bxd3 Nf7 42. f4 Nd6 43. Rd4 Rb6 44. b4 g5 45. g3 g4 46. Kc3 Nf7 47.
b5 Re6 48. Rd5 Re3 49. Rxf5+ Ke6 50. Rc5 Rxg3 51. Kd4 Rf3 52. Bc4+ Kf6 53. Rc6+ Kg7 54. Rc7 Rxf4+ 55. Ke3 Rf6 56. Rxf7+ Rxf7 57. Bxf7 Kxf7 58. b6 Ke6 59. b7 Kd7 60. b8=Q g3 61. Qxg3 1-0

[Event "*** Titled Tuesday Blitz"]
[Site "Chess.com"]
[Date "2021.04.20"]
[Round "7"]
[White "Vanina1989"]
[Black "731291"]
[Result "1-0"]
[WhiteElo "2796"]
[BlackElo "2686"]
[TimeControl "180+1"]
[EndTime "11:17:46 PDT"]
[Termination "Vanina1989 won by resignation"]

1. d4 Nf6 2. c4 e6 3. Nf3 b6 4. Bf4 Bb7 5. e3 Bb4+ 6. Nfd2 Be7 7. Nc3 O-O 8. Bd3 d5 9. O-O c5 10. dxc5 Bxc5 11. cxd5 Nxd5 12. Nxd5 Bxd5 13. Qh5 g6 14. Qh6 Nd7 15. Ne4 Bxe4 16. Bxe4 Rc8 17. Bb7 Qf6 18. Bxc8 Rxc8 19. Rad1 Nf8 20. Qg5 Be7 21.
Qxf6 Bxf6 22. Rd2 h5 23. Bd6 Nh7 24. Rfd1 Ng5 25. f3 e5 26. Rd5 Re8 27. b3 h4 28.
h3 Kg7 29. Kf2 Rc8 30. R1d2 e4 31. f4 Ne6 32. Be5 Nc5 33. Ke2 Nd3 34. Bxf6+ Kxf6 35. Rd4 Kf5 36. Rc4 Rxc4 37. bxc4 Ke6 38. Rc2 Kd6 39.
Kd2 Kc5 40. Kc3 a6 41. a4 Nb4 42. Rd2 Nd3 43. Rd1 f6 44. Rd2 f5 45. Rd1 a5 46.
Rd2 Kd6 47. Rd1 Kc5 48. Rb1 Kc6 49. Kd4 Nc5 50. Ke5 Nxa4 51. Kf6 Kc5 52. Kxg6 Kxc4 53.
Kxf5 b5 54. Ke5 Nc3 55. Rc1 b4 56. f5 b3 57. f6 b2 58. Rf1 a4 59. f7 a3 60.
f8=Q a2 61. Qc8+ Kb3 62. Qb7+ Kc2 63. Rf2+ Kd3 64. Qxb2 1-0

[Event "*** Titled Tuesday Blitz"]
[Site "Chess.com"]
[Date "2021.04.20"]
[Round "7"]
[White "Ghost_Pepper"]
[Black "Fraler15"]
[Result "1-0"]
[WhiteElo "2373"]
[BlackElo "2205"]
[TimeControl "180+1"]
[EndTime "11:17:47 PDT"]
[Termination "Ghost_Pepper won on time"]

1. e4 c5 2. Nf3 e6 3. g3 d5 4.
exd5 exd5 5. d4 Nf6 6. Bg2 Nc6 7. O-O cxd4 8. Nxd4 Be7 9. b3 O-O 10. Bb2 Bg4 11.
f3 Nxd4 12. fxg4 Nc6 13. Nc3 d4 14. Ne4 Nd5 15. a3 Ne3 16. Qd3 Nxf1 17. Rxf1 Rc8 18. h4 Ne5 19. Qe2 d3 20. cxd3 Qxd3 21. Qf2 Nxg4 22. Qf5 Qe3+ 23. Kh1 Nh6 24. Qe5 f6 25. Nxf6+ Bxf6 26. Qxe3 Bxb2 27. Bd5+ Kh8 28. Rxf8+ Rxf8 29. Qe7 Rc8 30. Qxb7 Rd8 31. Qe7 Rxd5 32. Qe8+ Ng8 33. Kg2 Bf6 34. b4 Rd8 35. Qe6 Ra8 36. Qc6 Rd8 37.
Qb7 Rd2+ 38. Kh3 Rb2 39. Qxa7 Be5 40. Qe3 Bf6 41. Qf3 h6 42. g4 Rc2 43. Qf5 Rc3+ 44.
Kg2 Rxa3 45. g5 hxg5 46. hxg5 Bc3 47. Qh3+ Nh6 48. gxh6 Ra2+ 49. Kf3 Ra3 50. Qc8+ Kh7 51.
Qf5+ Kg8 52. h7+ Kh8 53. Qf8+ Kxh7 54. Kg4 Bf6 55. b5 Rc3 56. Qb8 Bd4 57. Qh2+ Kg6 58.
Qh5+ Kf6 59. Qf5+ Ke7 60. Qe4+ Kf6 61. Qxd4+ 1-0

[Event "*** Titled Tuesday Blitz"]
[Site "Chess.com"]
[Date "2021.04.20"]
[Round "7"]
[White "Cptn2"]
[Black "mjray79"]
[Result "1-0"]
[WhiteElo "2601"]
[BlackElo "2440"]
[TimeControl "180+1"]
[EndTime "11:17:48 PDT"]
[Termination "Cptn2 won by checkmate"]

1. e4 e5 2. Nf3 Nc6 3. c3 d5 4.
Bb5 dxe4 5. Nxe5 Bd7 6. Bxc6 Bxc6 7. Nxc6 bxc6 8. O-O Bd6 9. Qa4 Qd7 10. Qxe4+ Ne7 11.
d4 O-O 12. Nd2 Rae8 13. Qf3 c5 14. dxc5 Bxc5 15. Ne4 Bb6 16. Ng3 Ng6 17. a4 a5 18.
b4 f5 19. bxa5 Bxa5 20. Ba3 Rf6 21. Nh5 Rc6 22. Bb4 Bxb4 23. cxb4 Rc4 24. a5 Ne5 25. Qb3 Qf7 26. Rfe1 Rh4 27. Qxf7+ Kxf7 28. Ng3 Rxb4 29. a6 Nc6 30. Rxe8 Kxe8 31. a7 Nxa7 32. Rxa7 Rb1+ 33. Nf1 Kd7 34. g3 Kd6 35. Kg2 g6 36. h4 c5 37. Ne3 f4 38. gxf4 Rb4 39. Kf3 c4 40. Rxh7 c3 41. Rh6 Rb3 42. Rxg6+ Kd7 43. Ke4 Rb4+ 44. Kf5 Rb5+ 45. Kf6 Rc5 46. Rg1 Ke8 47.
f5 Kf8 48. h5 c2 49. Rc1 Rc6+ 50. Kg5 Kf7 51. Rxc2 Rd6 52. Rc7+ Kg8 53. h6 Ra6 54. f6 Kh8 55. Kg6 Ra8 56. Rh7+ Kg8 57. f7+ Kf8 58. Rh8+ Ke7 59. Rxa8 Kd6 60. f8=Q+ Ke5 61. Qf5+ Kd4 62.
Rd8+ Kc3 63. Qd3+ Kb2 64. Rb8+ Ka2 65. Qa6# 1-0

[Event "*** Titled Tuesday Blitz"]
[Site "Chess.com"]
[Date "2021.04.20"]
[Round "7"]
[White "DanielTitichoca"]
[Black "alexgo05"]
[Result "1-0"]
[WhiteElo "2305"]
[BlackElo "2465"]
[TimeControl "180+1"]
[EndTime "11:17:48 PDT"]
[Termination "DanielTitichoca won by checkmate"]

1. c4 Nf6 2. Nc3 d6 3. Nf3 e5 4. g3 Be7 5. Bg2 O-O 6. O-O Nbd7 7. d4 c6 8. b3 Re8 9. Bb2 Bf8 10. e4 a6 11. Re1 Qc7 12. Rc1 Rb8 13. d5 c5 14.
Bh3 b5 15. Nd2 Nb6 16. Bxc8 Nxc8 17. Qe2 Qd7 18. f3 g6 19. Nd1 Qe7 20. Ne3 Bh6 21. Kh1 Nh5 22. Ng4 Bg7 23. Ne3 Qd7 24. Rcd1 f5 25.
Qf2 Ne7 26. g4 fxg4 27. Nxg4 Rf8 28. Qh4 Rf4 29. Rg1 Rbf8 30. Rdf1 Nc8 31. Bc1 Nb6 32.
Qh3 Kh8 33. Nb1 R4f7 34. Nd2 Nf4 35. Qh4 Qd8 36. Qg3 Qe7 37. h4 h5 38. Nf2 Bf6 39.
Nh3 Bxh4 40. Qh2 Kh7 41. Nxf4 Rxf4 42. Qg2 Rg8 43. Nb1 Rf7 44. cxb5 axb5 45. Nc3 b4 46.
Ne2 Bf6 47. f4 exf4 48. Nxf4 Bd4 49. Ne6 Bxg1 50. Rxg1 Nd7 51. Bg5 Qe8 52. Qh3 Ne5 53.
Bh4 Nf3 54. Rf1 Nxh4 55. Ng5+ Kg7 56. Rxf7+ Kh8 57. Rh7# 1-0

[Event "*** Titled Tuesday Blitz"]
[Site "Chess.com"]
[Date "2021.04.20"]
[Round "7"]
[White "Cambek64"]
[Black "viktorgen2021"]
[Result "1/2-1/2"]
[WhiteElo "2466"]
[BlackElo "2367"]
[TimeControl "180+1"]
[EndTime "11:17:48 PDT"]
[Termination "Game drawn by repetition"]

1. e4 c6 2. d4 d5 3. Nc3 dxe4 4. Nxe4 Nf6 5. Nxf6+ exf6 6. Bc4 Bd6 7. Qe2+ Qe7 8.
Qxe7+ Kxe7 9. Ne2 Re8 10. Bf4 Bf5 11. c3 Bxf4 12. Nxf4 Kf8+ 13. Kd2 Nd7 14. Rhe1 g5 15.
Nd3 Kg7 16. Rxe8 Rxe8 17. Re1 Rxe1 18. Nxe1 Be6 19. Kd3 Nb6 20. Bb3 Kg6 21. Ke3 f5 22. Nd3 f4+ 23. Kd2 Kf5 24. Nc5 Bd5 25. f3 g4 26. Ke2 Nc4 27. Nxb7 Nxb2 28. Nd6+ Ke6 29. Ne4 gxf3+ 30. gxf3 f6 31. Nc5+ Kf5 32. Bxd5 cxd5 33.
Nd3 Nc4 34. Nb4 Ke6 35. Kd3 Nb2+ 36. Kc2 Nc4 37. Nc6 Kd6 38. Nxa7 Ne3+ 39. Kd3 Nf1 40. h3 Ne3 41. a4 Nc4 42. Nb5+ Kc6 43. Ke2 Nb2 44.
Na3 Nxa4 45. c4 dxc4 46. Nxc4 Kd5 47. Kd3 f5 48. h4 h5 49. Nd2 Nb2+ 50. Kc3 Nd1+ 51.
Kd3 Nf2+ 52. Ke2 Nh3 53. Kd3 Nf2+ 54. Ke2 Nh1 55. Nb3 Ng3+ 56. Kf2 Nh1+ 57. Kg2 Ng3 58. Kf2 Nh1+ 59. Ke2 Ng3+ 60. Kd3 Nh1 61. Ke2 1/2-1/2

[Event "*** Titled Tuesday Blitz"]
[Site "Chess.com"]
[Date "2021.04.20"]
[Round "7"]
[White "4empechement"]
[Black "starplatinum2030"]
[Result "0-1"]
[WhiteElo "2453"]
[BlackElo "2305"]
[TimeControl "180+1"]
[EndTime "11:17:50 PDT"]
[Termination "starplatinum2030 won on time"]

1. e4 c5 2. Nf3 e6 3. g3 Nc6 4.
Bg2 a6 5. c3 d5 6. e5 h5 7. d4 Nh6 8. Bg5 Qb6 9. Qd2 Nf5 10.
Be3 cxd4 11. cxd4 Na5 12. O-O Nc4 13. Qe2 Bd7 14. Nc3 Bb4 15. Rab1 O-O 16. Rfc1 Rfc8 17. Bh3 Bxc3 18. bxc3 Qc7 19. Bxf5 exf5 20. Bf4 Be6 21. Nh4 g6 22. Bg5 Rab8 23. Bf6 Qd7 24. Qf3 Qe8 25. Qf4 Kh7 26. Nf3 Qf8 27. Ng5+ Kg8 28. h3 b5 29. Kg2 Nb6 30. f3 Na4 31. Rb3 Rc6 32. g4 h4 33.
Nxe6 fxe6 34. Qg5 Kh7 35. Qxh4+ Qh6 36. Qxh6+ Kxh6 37. Kg3 Rbc8 38. Rg1 Nxc3 39. gxf5 Ne2+ 40. Kf2 Nxg1 41. Kxg1 gxf5 42. Ra3 Rc1+ 43. Kf2 R8c6 44. Kg3 R1c3 45. Ra5 R3c4 46. Ra3 Rxd4 47. Rb3 Ra4 48. Rb1 Ra3 49. Rg1 Rxa2 50. Kf4 Rc4+ 51. Ke3 Ra3+ 52.
Kd2 Ra2+ 53. Kd3 Ra3+ 54. Kd2 Rd4+ 55. Ke2 Rb4 0-1

[Event "*** Titled Tuesday Blitz"]
[Site "Chess.com"]
[Date "2021.04.20"]
[Round "7"]
[White "yuki_chess123"]
[Black "Keks2017"]
[Result "1-0"]
[WhiteElo "2269"]
[BlackElo "2454"]
[TimeControl "180+1"]
[EndTime "11:17:51 PDT"]
[Termination "yuki_chess123 won by resignation"]

1. d4 d6 2. c4 e5 3. Nf3 e4 4. Ng5 f5 5. Nc3 Be7 6. Nh3 Nf6 7. g3 c6 8. Nf4 Na6 9. Bg2 O-O 10. O-O Nc7 11. f3 exf3 12. Bxf3 g5 13.
Nd3 h6 14. Bg2 Nce8 15. e4 Ng7 16. e5 dxe5 17. Nxe5 Bd6 18. Qb3 Bxe5 19. dxe5 Qd4+ 20. Kh1 Qxe5 21. Bd2 Kh7 22. Rae1 Qd6 23. Qc2 Kh8 24. Be3 Be6 25. Rd1 Qb4 26. b3 Rf7 27. Bd4 Qa5 28. Qb2 Raf8 29. Na4 Bc8 30. Nc5 Qc7 31. Rfe1 b6 32. Nd3 c5 33. Bc3 Bb7 34. Ne5 Bxg2+ 35. Qxg2 Kg8 36. Nxf7 Rxf7 37. Re2 Ne4 38. Bb2 Rd7 39.
Rf1 Re7 40. g4 Nf6 41. Bxf6 Rxe2 42. Qxe2 fxg4 43. Bxg7 Kxg7 44. Qg2 Qe5 45. Qxg4 Kg6 46. Qg2 h5 47. Rg1 g4 48. Rf1 Kg5 49. Qf2 Qe4+ 50. Qg2 Qe5 51. Qd2+ Kg6 52. Re1 Qf5 53. Qe2 Kf6 54.
Rf1 h4 55. Rxf5+ Kxf5 56. Qf2+ Kg5 57. Qe3+ Kf5 58. Qd3+ Kf4 59. Qd5 g3 60. Qd6+ Kf3 61.
Qf6+ Kg4 62. hxg3 hxg3 63. Kg2 Kh5 64. Qf3+ Kh4 65. Qxg3+ 1-0

[Event "*** Titled Tuesday Blitz"]
[Site "Chess.com"]
[Date "2021.04.20"]
[Round "7"]
[White "AlexTriapishko"]
[Black "Rodalquilar"]
[Result "1-0"]
[WhiteElo "2903"]
[BlackElo "2729"]
[TimeControl "180+1"]
[EndTime "11:17:52 PDT"]
[Termination "AlexTriapishko won on time"]

1. e4 d5 2. exd5 Qxd5 3. Nc3 Qa5 4. d4 Nf6 5. Nf3 Bf5 6. Bd2 e6 7. Bc4 Bb4 8. O-O Nc6 9. a3 Bxc3 10. Bxc3 Qb6 11. a4 a5 12. Bb5 O-O 13. Bxc6 Qxc6 14.
Ne5 Qa6 15. Re1 Rad8 16. Qe2 Qxe2 17. Rxe2 b6 18. Nc6 Rd7 19. f3 h5 20. Be1 Nd5 21. c4 Nf4 22. Rd2 Rd6 23. Ne7+ Kh7 24. d5 Bd3 25. Bg3 Ne2+ 26. Kf2 Nxg3 27. Rxd3 Re8 28.
hxg3 Rxe7 29. Rad1 exd5 30. Rxd5 Rde6 31. R1d2 g6 32.
c5 Kg7 33. cxb6 cxb6 34. Rd6 Kf6 35. Rxe6+ Rxe6 36. Rd5 Rc6 37. Rb5 Ke6 38. Ke3 Kd6 39. Kd3 Kc7 40. Re5 Rd6+ 41. Kc3 Kd7 42. Re4 Kc6 43.
g4 hxg4 44. Rxg4 Re6 45. Rc4+ Kd5 46. Rd4+ Kc5 47. Rf4 f6 48. Kd3 Rd6+ 49. Kc2 Re6 50. g4 g5 51. Rf5+ Kd4 52. b4 axb4 53. Kb3 Ke3 54. Kxb4 Kf2 55. Kb5 Kg3 56. Ka6 Kf2 57. Kb7 Kg3 58. Kc7 Re3 59. Rxf6 1-0

[Event "*** Titled Tuesday Blitz"]
[Site "Chess.com"]
[Date "2021.04.20"]
[Round "7"]
[White "The_filthy"]
[Black "cukin84"]
[Result "1-0"]
[WhiteElo "2425"]
[BlackElo "2134"]
[TimeControl "180+1"]
[EndTime "11:17:54 PDT"]
[Termination "The_filthy won on time"]

1. e4 c6 2. Nf3 d5 3. Nc3 Nf6 4. e5 Ne4 5. h3 Bf5 6. d4 Nxc3 7. bxc3 e6 8. Bd3 Bxd3 9. cxd3 Be7 10. O-O O-O 11.
Nh2 Nd7 12. Qg4 f5 13. exf6 Rxf6 14. Re1 Rg6 15. Qf3 Qf8 16. Qe2 Qf7 17. Nf3 Rf8 18. Kh1 c5 19. dxc5 Bxc5 20. d4 Bd6 21. Be3 h6 22.
Rg1 a6 23. Rab1 b5 24. a4 bxa4 25. Qxa6 e5 26. Qxa4 e4 27. Nd2 Qf5 28. Rb7 Nf6 29.
Qd1 Nh5 30. c4 Nf4 31. c5 Nxh3 32. cxd6 Nxg1 33. Kxg1 h5 34. d7 h4 35. Kh2 Kh7 36. Qe2 h3 37. g3 Rg4 38. Nf1 g5 39. Rb6 Qxd7 40. Rd6 Qf5 41. Rxd5 Qf3 42. Qxf3 exf3 43. Kxh3 Re4 44. Rxg5 Rf6 45. Rg4 Rh6+ 46. Rh4 Rhxh4+ 47. gxh4 Kg6 48. Kg3 Kh5 49. Kxf3 Rxh4 50. Ng3+ Kg6 51. Bf4 Rh8 52. Ke4 Re8+ 53. Be5 Kg5 54. f4+ Kg4 55. Nf5 Rf8 56. Nh6+ Kh5 57. Nf5 Kg6 58. Ne3 Re8 59. f5+ Kg5 60. f6 Kg6 61. d5 Kf7 62. Kf5 Rh8 63. Ke4 Rh4+ 64. Bf4 Kxf6 65. Nc4 1-0

[Event "*** Titled Tuesday Blitz"]
[Site "Chess.com"]
[Date "2021.04.20"]
[Round "7"]
[White "UCantHandleDenker"]
[Black "vinniethepooh"]
[Result "0-1"]
[WhiteElo "2600"]
[BlackElo "2747"]
[TimeControl "180+1"]
[EndTime "11:17:56 PDT"]
[Termination "vinniethepooh won by checkmate"]

1. Nf3 d5 2. g3 Nf6 3. d3 g6 4. Bg2 Bg7 5. O-O O-O 6. Nbd2 Re8 7. e4 e5 8. Re1 d4 9. a4 c5 10.
Nc4 Nc6 11. Nh4 Be6 12. b3 a6 13. Rf1 Rb8 14. Bd2 b5 15. axb5 axb5 16. Na5 Nxa5 17.
Rxa5 c4 18. bxc4 bxc4 19. Rxe5 Bg4 20. Rxe8+ Qxe8 21. Bf3 Bh3 22. Ng2 c3 23. Bf4 Rb2 24.
Qc1 Ng4 25. Bd1 Qb5 26. Qa1 h6 27. Qa8+ Kh7 28. Qa7 Qh5 29. f3 Ne5 30. Bxe5 Qxe5 31. Qxf7 Qg5 32. f4 Qf6 33. Qxf6 Bxf6 34. e5 Be7 35. Re1 Kg7 36. Kf2 Kf7 37. Nh4 Bxh4 38.
gxh4 Ke6 39. Kg3 Bf5 40. Kf3 h5 41. Kg3 Ra2 42. h3 Ra1 43. Rf1 Ke7 44. Kg2 Ra2 45.
Rf2 Rb2 46. Kg3 Rb1 47. Rf1 Bxd3 48. cxd3 c2 49. Bxc2 Rxf1 50. Bb3 Rc1 51. Bc4 Rc3 52. Kf3 Rc1 53. Ke4 Rf1 54. Bd5 Rf2 55. Bc4 Rh2 56. Kxd4 Rxh3 57. Ke4 Rxh4 58. d4 g5 59. Kd5 Rxf4 60.
Be2 h4 61. Bd3 h3 62. e6 h2 63. Ke5 h1=Q 64. d5 Qh8# 0-1

[Event "*** Titled Tuesday Blitz"]
[Site "Chess.com"]
[Date "2021.04.20"]
[Round "7"]
[White "BahadirOzen"]
[Black "MeekMammoth2"]
[Result "1-0"]
[WhiteElo "2687"]
[BlackElo "2453"]
[TimeControl "180+1"]
[EndTime "11:17:56 PDT"]
[Termination "BahadirOzen won by resignation"]

1. g3 f5 2. f4 Nf6 3. Nf3 g6 4. Bg2 Bg7 5. O-O O-O 6. d3 d6 7.
e4 fxe4 8. dxe4 e5 9. fxe5 dxe5 10. Qxd8 Rxd8 11. Nxe5 Nxe4 12. Bf4 Nd6 13. Nc3 Nd7 14. Rae1 Nb6 15. Nd5 c6 16. Ne7+ Kh8 17. Rd1 Be6 18. Rfe1 Nf5 19. Rxd8+ Rxd8 20. Nxf5 gxf5 21. Nxc6 bxc6 22.
Rxe6 Bxb2 23. Rxc6 Kg7 24. Bf3 Bf6 25. Rc7+ Rd7 26.
Rxd7+ Nxd7 27. Be3 a6 28. Kf2 Ne5 29. Be2 Kf7 30. Bxa6 Ng4+ 31. Ke2 Nxe3 32. Kxe3 Ke6 33. Bc8+ Ke5 34. a4 Bg5+ 35. Kf3 Bd8 36. c3 Bb6 37. Bd7 h6 38. Bc6 Bg1 39. h3 Bb6 40. c4 Kf6 41. Kf4 Bc7+ 42. Kf3 Bb6 43. Bd7 Bc7 44. c5 Ke5 45. c6 f4 46. gxf4+ Kf6 47. Kg4 Kg7 48.
h4 Kf6 49. Bc8 Ke7 50. h5 Kf6 51. Bd7 Bb6 52. Kf3 Bc7 53. Ke4 Ke7 54. f5 Kf6 55. Kd5 Ke7 56. Kc5 Kf6 57. Kb5 Ke5 58. a5 Kd6 59. a6 Bb8 60. Kb6 Ke7 61. Kb7 Bd6 62. a7 Be5 63. a8=Q Kd6 64. Qa3+ Kd5 65. Qe7 Bd6 66.
Qe6+ Kc5 67. f6 1-0

[Event "*** Titled Tuesday Blitz"]
[Site "Chess.com"]
[Date "2021.04.20"]
[Round "7"]
[White "davidkalashian"]
[Black "Aygehovit1992"]
[Result "1-0"]
[WhiteElo "2544"]
[BlackElo "2667"]
[TimeControl "180+1"]
[EndTime "11:18:00 PDT"]
[Termination "davidkalashian won by resignation"]

1. e4 d6 2. d4 g6 3. Nc3 a6 4.
a4 Bg7 5. f4 Nc6 6. Be3 Nf6 7.
Nf3 Nb4 8. a5 Bg4 9. Be2 Qc8 10.
O-O O-O 11. Ra4 c5 12. dxc5 dxc5 13. Ne5 Rd8 14. Bxg4 Rxd1 15. Bxc8 Rxf1+ 16. Kxf1 Rxc8 17. Nd3 Nxc2 18. Bxc5 Ng4 19. Ke2 e5 20. h3 Nf6 21.
fxe5 Nd7 22. Bd6 Bh6 23. Nd5 Kg7 24. g4 Bg5 25. N3f4 Rc6 26. Nd3 h5 27. gxh5 gxh5 28. N3b4 Rc4 29. Kd3 Nxb4+ 30. Kxc4 Nc6 31. Kd3 Ncxe5+ 32. Ke2 Nc6 33. Ra1 Bd8 34. b4 f6 35.
Rg1+ Kf7 36. Nf4 Nd4+ 37. Kd3 Nf3 38. Rg3 Nde5+ 39. Ke2 Nd4+ 40. Ke3 Nc2+ 41. Kd2 Nd4 42. Bxe5 fxe5 43. Nxh5 Be7 44. Rg7+ Kf8 45. Rh7 Bxb4+ 46. Kd3 Bxa5 47. Rxb7 Bd8 48. Ng3 a5 49. Nf5 Nxf5 50.
exf5 a4 51. Ra7 Bf6 52. Rxa4 Kg7 53. Ke4 Kh6 54. Ra1 Kg5 55. Rg1+ Kh4 56. Rg6 Bg5 57. f6 Kh5 58. f7 Be7 59. Rg8 Kh4 60. f8=Q Bxf8 61.
Rxf8 Kxh3 62. Rf5 1-0

[Event "*** Titled Tuesday Blitz"]
[Site "Chess.com"]
[Date "2021.04.20"]
[Round "7"]
[White "FMOlexandrProhorov"]
[Black "mamonika"]
[Result "1-0"]
[WhiteElo "2237"]
[BlackElo "2049"]
[TimeControl "180+1"]
[EndTime "11:18:00 PDT"]
[Termination "FMOlexandrProhorov won on time"]

1. e4 c5 2. c3 Nf6 3. e5 Nd5 4. Nf3 e6 5. Bc4 Nb6 6. Bb3 d5 7. d4 Nc6 8. O-O cxd4 9. cxd4 Be7 10. Nc3 O-O 11. Bc2 f6 12. exf6 Bxf6 13. Re1 Nc4 14. b3 Nd6 15. Bf4 Bxd4 16. Nxd4 Rxf4 17. Nxe6 Bxe6 18.
Rxe6 Nd4 19. Re3 Nxc2 20. Qxc2 d4 21. g3 Rf7 22. Rd3 dxc3 23. Rad1 Rd7 24. Qxc3 Rc8 25. Qe5 Rc6 26. h4 Qf6 27. Qh5 h6 28. Rf3 Qe6 29. Re3 Qf6 30. Red3 Kh7 31. g4 Re7 32. g5 Qg6 33. Qg4 Nf5 34. Rd8 h5 35. Qb4 Rce6 36.
Rc1 Re8 37. Rcc8 Rxd8 38. Rxd8 Re8 39. Rd7 Nxh4 40. Qxh4 Qb1+ 41. Kh2 Qg6 42. Rd4 Qf5 43. Qxh5+ Kg8 44. Qh4 Qe5+ 45. Rf4 Rf8 46. Kg3 Qc3+ 47. f3 Re8 48. g6 Qe1+ 49. Kg4 Qxh4+ 50. Kxh4 Re6 51. Kg5 Re5+ 52. Rf5 Re6 53. Rc5 Kf8 54. Rc8+ Ke7 55. Rc7+ Kd6 56. Rxg7 Re5+ 57. Kf6 Rb5 58. f4 Rb4 59. f5 Rb6 60. Kf7 Kd7 61. f6 Kd8 62. Kg8 Ke8 63. f7+ Kd7 64. f8=Q+ 1-0

[Event "*** Titled Tuesday Blitz"]
[Site "Chess.com"]
[Date "2021.04.20"]
[Round "7"]
[White "frenchpin"]
[Black "AlexSuv"]
[Result "1-0"]
[WhiteElo "2431"]
[BlackElo "2559"]
[TimeControl "180+1"]
[EndTime "11:18:04 PDT"]
[Termination "frenchpin won by resignation"]

1. e4 c5 2. Nf3 e6 3. c3 Nf6 4.
e5 Nd5 5. Bc4 d6 6. d4 cxd4 7.
cxd4 Be7 8. O-O O-O 9. Qe2 b6 10. Rd1 Bb7 11. Bxd5 Bxd5 12. Nc3 Bb7 13. Bf4 d5 14. g3 Nd7 15. h4 Re8 16. h5 h6 17.
Qe3 Bf8 18. g4 f6 19. Kg2 fxe5 20. Nxe5 Nxe5 21. Bxe5 Qh4 22. Qf4 Bb4 23. Nb5 Rf8 24. Qg3 Qxg3+ 25. Kxg3 Rac8 26. Rac1 a6 27. Nd6 Bxd6 28.
Bxd6 Rfd8 29. Bc7 Re8 30. Bxb6 Kf7 31. Bc7 Re7 32. Bd6 Ree8 33. b3 Red8 34. Bc7 Re8 35.
Rc3 Re7 36. Rdc1 Ba8 37. Be5 Rxc3+ 38. Rxc3 Bb7 39. Rc5 Rd7 40. Kf4 g6 41. Rc3 gxh5 42.
gxh5 Ke8 43. Rg3 Rf7+ 44. Ke3 Rf5 45. Rg7 Bc6 46. Rg8+ Kd7 47. Rg7+ Kd8 48. Ra7 Rxh5 49. Rxa6 Bd7 50. a4 Rh3+ 51. f3 Be8 52. Ra8+ Ke7 53. a5 Bh5 54. Ra7+ Ke8 55. Ra8+ Ke7 56. Ra7+ Ke8 57. Rh7 Rxf3+ 58. Kd2 Bg6 59. Rxh6 Rd3+ 60. Ke2 Bf5 61. Rxe6+ Bxe6 62. Kxd3 Bd7 63. Kc3 Bb5 64. Kb4 Ba6 65. Kc5 Kd7 66. Kxd5 Bb5 67. Kc5 Ba6 68. b4 Bb7 69. b5 Be4 70. a6 Ba8 71. b6 Kc8 72. b7+ Bxb7 73. axb7+ Kxb7 74. Kd6 Kc8 1-0

[Event "*** Titled Tuesday Blitz"]
[Site "Chess.com"]
[Date "2021.04.20"]
[Round "7"]
[White "Iball95"]
[Black "AwareIdea"]
[Result "0-1"]
[WhiteElo "2598"]
[BlackElo "2482"]
[TimeControl "180+1"]
[EndTime "11:18:05 PDT"]
[Termination "AwareIdea won by checkmate"]

1. e4 e5 2. Nf3 Nc6 3. Nc3 Nf6 4. Bb5 Bd6 5. a3 O-O 6. d3 a6 7. Bc4 b5 8. Ba2 Bb7 9. g4 Nd4 10. g5 Ne8 11. h4 c5 12. h5 Nc7 13. g6 Nce6 14. gxh7+ Kxh7 15. h6 g6 16. Nd5 Bxd5 17. Bxd5 Nxf3+ 18. Qxf3 Nd4 19. Qd1 Rb8 20. c3 Ne6 21.
Qf3 Qe7 22. Bd2 a5 23. Ke2 b4 24. axb4 axb4 25. Ra6 bxc3 26. bxc3 Rb2 27. Ra2 Rfb8 28. Rha1 Nf4+ 29. Kf1 Rxa2 30. Rxa2 Rb1+ 31. Be1 Kxh6 32. Ra7 Rb6 33. Bd2 Kg7 34. Bxf4 exf4 35. d4 cxd4 36. cxd4 Rb1+ 37. Ke2 Rb2+ 38. Kf1 Rb1+ 39. Ke2 Bb8 40. Rb7 Rxb7 41. Bxb7 Qb4 42. e5 Qxd4 43. Qb3 Bxe5 44. Bd5 f6 45. Kf1 f5 46. Bf3 Kf6 47. Qb7 Qd6 48. Qc8 Kf7 49. Qc4+ Kg7 50. Bd5 g5 51. f3 g4 52. Kg2 Kf6 53. Qb3 Kg5 54. Qd3 Qf6 55. Qf1 Qh6 56. Kg1 d6 57.
Qg2 Bd4+ 58. Kf1 Qf6 59. Qe2 Qe5 60. Qb5 Qe3 61. Qe2 Qg1# 0-1

[Event "*** Titled Tuesday Blitz"]
[Site "Chess.com"]
[Date "2021.04.20"]
[Round "7"]
[White "Manukyan_Artak"]
[Black "Mikhail_Golubev"]
[Result "1-0"]
[WhiteElo "2427"]
[BlackElo "2575"]
[TimeControl "180+1"]
[EndTime "11:18:07 PDT"]
[Termination "Manukyan_Artak won on time"]

1. e4 c5 2. Nf3 d6 3. Bb5+ Nd7 4. O-O Nf6 5. Re1 a6 6. Bd3 b5 7. c4 b4 8. a4 e6 9. b3 Be7 10. Bb2 e5 11. Bf1 O-O 12. d3 g6 13. Nbd2 Nh5 14. g3 Ng7 15. Bg2 Bb7 16. Nf1 f5 17. Ne3 f4 18.
Nd5 Bxd5 19. exd5 Nf5 20. Nd2 Nf6 21. Ne4 Nxe4 22. dxe4 Nd4 23. Bxd4 exd4 24. e5 dxe5 25. Rxe5 Bd6 26. Re6 Ra7 27. Qe2 Raf7 28. Re1 f3 29.
Bxf3 Rxf3 30. Re8 Rxe8 31. Qxe8+ Qxe8 32. Rxe8+ Rf8 33. Re6 Rd8 34. Kf1 Kf7 35. f4 Rd7 36. h4 h5 37. Kf2 Re7 38. Rxd6 d3 39. Re6 Rxe6 40. dxe6+ Kxe6 41. Ke3 Kf5 42. Kxd3 Kg4 43. Ke4 Kxg3 44. Kd5 Kxh4 45. Kxc5 Kg3 46. Kxb4 h4 47. c5 h3 48. c6 h2 49. c7 h1=Q 50. c8=Q Qe4+ 51.
Qc4 Qxc4+ 52. bxc4 Kxf4 53. c5 Ke5 54. Ka5 g5 55.
Kb6 g4 56. c6 g3 57. c7 g2 58.
c8=Q g1=Q+ 59. Kxa6 Qg6+ 60. Kb5 Qb1+ 61. Ka6 Qg6+ 62. Ka5 Kd4 63. Qd7+ Kc3 64. Qc7+ Kd2 65. Qe7 Kd1 66. Qc5 Qb1 67. Qb5 1-0

[Event "*** Titled Tuesday Blitz"]
[Site "Chess.com"]
[Date "2021.04.20"]
[Round "7"]
[White "MaevskiyNikolay"]
[Black "PchelkinVK"]
[Result "0-1"]
[WhiteElo "2476"]
[BlackElo "2643"]
[TimeControl "180+1"]
[EndTime "11:18:09 PDT"]
[Termination "PchelkinVK won by checkmate"]

1. Nf3 Nc6 2. d4 d5 3. c4 Bg4 4. Nc3 e6 5. Bf4 Nf6 6. e3 Bd6 7. Bg3 O-O 8. Be2 a6 9. O-O Re8 10. h3 Bxf3 11. Bxf3 Bxg3 12. fxg3 dxc4 13. Bxc6 bxc6 14.
Qa4 Qd6 15. Qxc4 Qxg3 16. Rf3 Qd6 17. Rxf6 gxf6 18. Ne4 Qe7 19. Qxc6 f5 20. Nc5 Qd6 21. Qf3 Kh8 22. Nd3 f6 23. Rf1 Rad8 24. Nc5 Rb8 25.
b3 Re7 26. Rf2 Rg8 27. Qb7 Reg7 28. Kf1 f4 29. Ne4 Qe7 30. exf4 Qa3 31. Qc6 Qe7 32. Qc3 Rd8 33. Nc5 Qd6 34. Qe3 Re7 35. Rd2 f5 36.
Nb7 Qd7 37. Qe5+ Kg8 38. Rd3 Rde8 39. Nc5 Qd5 40. Rg3+ Kf7 41. Qxd5 exd5 42. Kg1 Re1+ 43. Kh2 Rd1 44. Nd3 Re4 45. Ne5+ Ke6 46. Rg5 Rdxd4 47. Nc6 Rd2 48. Nd8+ Kd7 49. Rg8 Rxf4 50. Nf7 Rff2 51. Ne5+ Ke6 52. Nc6 f4 53. Kg1 Kd6 54. Nd8 Rfe2 55.
Nf7+ Kc5 56. Nd8 Kb4 57. Nc6+ Kc3 58. b4 d4 59. b5 axb5 60. Rg7 d3 61. Rg4 Rc2 62.
Na5 d2 63. Nb3 d1=Q+ 64. Kh2 Rxg2+ 65. Rxg2 Rxg2+ 66. Kxg2 Qe2+ 67. Kg1 f3 68. Nc1 Qg2# 0-1

[Event "*** Titled Tuesday Blitz"]
[Site "Chess.com"]
[Date "2021.04.20"]
[Round "7"]
[White "Twitch_ElhamBlitz05"]
[Black "KeithArkell"]
[Result "0-1"]
[WhiteElo "2725"]
[BlackElo "2613"]
[TimeControl "180+1"]
[EndTime "11:18:11 PDT"]
[Termination "KeithArkell won by resignation"]

1. e4 c6 2. d4 d5 3. Nc3 dxe4 4.
Nxe4 Nd7 5. Nf3 Ngf6 6. Nxf6+ Nxf6 7. Bc4 Bf5 8. Ne5 e6 9. g4 Bg6 10. h4 Nd7 11. Nxg6 hxg6 12. Bg5 Be7 13. Be3 Rxh4 14. Rxh4 Bxh4 15. Qe2 Bg5 16. O-O-O Bxe3+ 17. fxe3 Qg5 18.
Kb1 O-O-O 19. e4 Nf6 20. e5 Nd5 21. Rf1 Rd7 22. c3 Qe3 23. Rh1 Qxe2 24. Bxe2 Nf4 25.
Bc4 g5 26. Rh8+ Kc7 27. Rg8 g6 28. Kc2 b5 29. Bb3 c5 30. dxc5 Nd3 31. a4 a6 32.
Ra8 Nxc5 33. axb5 axb5 34. Ba2 Kb7 35. Ra5 Kb6 36. Ra8 Nd3 37. Rb8+ Kc6 38. c4 bxc4 39.
Bxc4 Nxe5 40. Bb5+ Kc7 41. Rf8 Rd5 42. Ba4 Kd6 43.
b4 Ke7 44. Re8+ Kd6 45. b5 Nd7 46. Rd8 Ke7 47. Rh8 Nb6 48. Bb3 Rxb5 49. Rb8 Rc5+ 50.
Kd3 Nd7 51. Rb7 Kd6 52. Kd2 Ne5 53. Ra7 Rc6 54. Ra4 Rb6 55. Bc2 Kc5 56. Bd1 Rb4 57.
Ra5+ Kd4 58. Ra7 Rb2+ 59. Ke1 Ke3 60. Kf1 Rb1 61. Ke1 Nf3+ 62. Kf1 Rxd1+ 63. Kg2 Rg1+ 64. Kh3 Rh1+ 65. Kg2 Rd1 66. Ra3+ Rd3 67. Ra7 Kf4 68. Rxf7+ Kxg4 69. Ra7 Rd2+ 70. Kf1 Kg3 71. Ra2 Nh2+ 72. Kg1 Rxa2 0-1